General information
- name: BNet
- type: Ladder team game (AT/RT)
- host: Battle.net
- saver: w00tah.com
map: Dragonblight
- players: 6
- length: 29:06
- speed: Fast
- version: 1.21 W3XP
- replay type: Public
» download(209 KB)
Players
team 1 (loser)
BO_SCHEMBECHLER (
blue | 72 APM | 2088 actions | 28:51)
7 Archmage
3 Summon Water Elemental
3 Brilliance Aura
1 Mass Teleport
» actions
| Assign group hotkey | 55 | |
| Basic commands | 33 | |
| Build / train | 82 | |
| ESC pressed | 8 | |
| Enter build submenu | 33 | |
| Enter hero's abilities submenu | 7 | |
| Give item / drop item | 3 | |
| Remove unit from queue | 1 | |
| Right click | 725 | |
| Select / deselect | 323 | |
| Select group hotkey | 720 | |
| Use ability | 98 | |
2088 total
» units
| Peasant | 11 | |
| Footman | 13 | |
| Priest | 5 | |
| Sorceress | 6 | |
| Spell Breaker | 8 | |
| Goblin Zeppelin | 1 | |
| Mortar Team | 6 | |
50 total
» upgrades
| Defend | 2 | |
| Sorceress Training | 2 | |
| Priest Training | 2 | |
| Swords | 2 | |
| Plating | 1 | |
| Control Magic | 1 | |
| Fragmentation Shards | 1 | |
| Gunpowder | 1 | |
| Flare | 1 | |
13 total
» buildings
| Altar of Kings | 1 | |
| Barracks | 1 | |
| Farm | 10 | |
| Keep | 1 | |
| Arcane Vault | 1 | |
| Scout Tower | 1 | |
| Arcane Tower | 1 | |
| Arcane Sanctum | 2 | |
| Blacksmith | 1 | |
| Lumber Mill | 1 | |
| Castle | 1 | |
| Workshop | 2 | |
| Town Hall | 1 | |
24 total
» build order
00:08 Altar of Kings
00:12 Barracks
00:15 Farm
00:28 Farm
01:56 Farm
02:35 Farm
03:52 Farm
04:09 Keep
04:14 Arcane Vault
04:33 Scout Tower
05:45 Farm
05:46 Farm
05:58 Arcane Tower
06:33 Arcane Sanctum
07:45 Arcane Sanctum
09:38 Blacksmith
11:47 Lumber Mill
12:09 Castle
13:38 Farm
13:38 Farm
13:49 Farm
17:56 Workshop
18:02 Workshop
20:16 Town Hall
» items
| Rod of Necromancy | 1 | |
| Sacrificial Skull | 1 | |
| Orb of Corruption | 1 | |
| Scroll of Healing | 1 | |
| Scroll of Town Portal | 2 | |
| Scroll of Regeneration | 1 | |
7 total
Chopstix (
purple | 67 APM | 1947 actions | 28:54)
6 Archmage
3 Summon Water Elemental
2 Brilliance Aura
1 Mass Teleport
4 Mountain King
2 Storm Bolt
2 Thunder Clap
» actions
| Assign group hotkey | 50 | |
| Basic commands | 235 | |
| Build / train | 70 | |
| ESC pressed | 2 | |
| Enter build submenu | 27 | |
| Enter hero's abilities submenu | 10 | |
| Remove unit from queue | 1 | |
| Right click | 529 | |
| Select / deselect | 353 | |
| Select group hotkey | 502 | |
| Use ability | 168 | |
1947 total
» units
| Peasant | 10 | |
| Footman | 7 | |
| Spell Breaker | 6 | |
| Sorceress | 6 | |
| Priest | 4 | |
| Knight | 2 | |
| Gryphon Rider | 2 | |
37 total
» upgrades
| Lumber Harvesting | 2 | |
| Sorceress Training | 2 | |
| Priest Training | 2 | |
| Control Magic | 1 | |
| Plating | 1 | |
| Swords | 1 | |
9 total
» buildings
| Altar of Kings | 1 | |
| Farm | 9 | |
| Barracks | 1 | |
| Blacksmith | 2 | |
| Lumber Mill | 1 | |
| Keep | 3 | |
| Scout Tower | 2 | |
| Guard Tower | 2 | |
| Arcane Vault | 1 | |
| Arcane Sanctum | 3 | |
| Castle | 1 | |
| Town Hall | 2 | |
| Gryphon Aviary | 1 | |
29 total
» build order
00:07 Altar of Kings
00:10 Farm
00:14 Barracks
01:23 Farm
01:48 Blacksmith
02:19 Lumber Mill
02:54 Farm
02:56 Keep
02:57 Keep
03:17 Scout Tower
03:50 Guard Tower
03:52 Farm
04:54 Arcane Vault
05:03 Scout Tower
05:36 Guard Tower
05:39 Arcane Sanctum
05:42 Arcane Sanctum
05:59 Farm
06:46 Farm
08:00 Farm
08:02 Arcane Sanctum
09:31 Castle
10:46 Farm
12:06 Town Hall
12:14 Blacksmith
13:29 Farm
18:15 Gryphon Aviary
21:54 Town Hall
» items
| Scroll of Town Portal | 3 | |
| Potion of Healing | 1 | |
| Staff of Teleportation | 1 | |
5 total
PistophChrstoph (
green | 70 APM | 2036 actions | 29:02)
4 Dreadlord
2 Sleep
2 Vampiric Aura
4 Death Knight
2 Death Coil
1 Unholy Aura
1 Death Pact
» actions
| Assign group hotkey | 38 | |
| Basic commands | 548 | |
| Build / train | 71 | |
| ESC pressed | 6 | |
| Enter build submenu | 20 | |
| Enter hero's abilities submenu | 8 | |
| Give item / drop item | 3 | |
| Right click | 584 | |
| Select / deselect | 458 | |
| Select group hotkey | 203 | |
| Use ability | 97 | |
2036 total
» units
| Acolyte | 5 | |
| Ghoul | 17 | |
| Meatwagon | 3 | |
| Necromancer | 8 | |
| Obsidian Statue | 3 | |
| Abomination | 5 | |
41 total
» upgrades
| Creature Attack | 1 | |
| Creature Carapace | 1 | |
| Necromancer Training | 2 | |
| Skeletal Longevity | 1 | |
| Exhume Corpses | 1 | |
| Unholy Strength | 1 | |
| Skeletal Mastery | 1 | |
| Ghoul Frenzy | 1 | |
| Unholy Armor | 1 | |
| Disease Cloud | 1 | |
11 total
» buildings
| Crypt | 2 | |
| Ziggurat | 6 | |
| Altar of Darkness | 1 | |
| Graveyard | 1 | |
| Nerubian Tower | 1 | |
| Tomb of Relics | 2 | |
| Halls of the Dead | 1 | |
| Temple of the Damned | 2 | |
| Slaughterhouse | 1 | |
| Black Citadel | 1 | |
18 total
» build order
00:09 Crypt
00:17 Ziggurat
00:40 Altar of Darkness
00:59 Ziggurat
01:43 Graveyard
02:00 Nerubian Tower
02:28 Ziggurat
03:01 Tomb of Relics
05:44 Halls of the Dead
06:00 Ziggurat
06:42 Crypt
06:45 Ziggurat
08:05 Temple of the Damned
08:11 Slaughterhouse
08:37 Temple of the Damned
10:34 Black Citadel
12:21 Tomb of Relics
13:59 Ziggurat
» items
| Rod of Necromancy | 1 | |
| Sacrificial Skull | 1 | |
| Periapt of Vitality | 1 | |
| Scroll of Town Portal | 2 | |
| Orb of Corruption | 1 | |
6 total
team 2 (winner)
GOKUMaN69 (
orange | 81 APM | 2350 actions | 29:03)
6 Demon Hunter
3 Mana Burn
2 Evasion
1 Metamorphosis
5 Pandaren Brewmaster
3 Breath of Fire
2 Drunken Haze
» actions
| Assign group hotkey | 11 | |
| Build / train | 93 | |
| Enter build submenu | 20 | |
| Enter hero's abilities submenu | 12 | |
| Remove unit from queue | 8 | |
| Right click | 1178 | |
| Select / deselect | 514 | |
| Select group hotkey | 312 | |
| Use ability | 201 | |
2350 total
» units
| Wisp | 16 | |
| Archer | 9 | |
| Huntress | 3 | |
| Dryad | 21 | |
| Druid of the Claw | 3 | |
52 total
» upgrades
| Abolish Magic | 1 | |
| Druid of the Claw Training | 2 | |
| Strength of the Wild | 1 | |
| Reinforced Hides | 1 | |
| Well Spring | 1 | |
| Mark of the Claw | 1 | |
7 total
» buildings
| Altar of Elders | 1 | |
| Moon Well | 7 | |
| Ancient of War | 2 | |
| Tree of Ages | 1 | |
| Hunter's Hall | 1 | |
| Ancient of Lore | 2 | |
| Tree of Life | 1 | |
| Tree of Eternity | 1 | |
| Ancient of Wonders | 1 | |
17 total
» build order
00:05 Altar of Elders
00:21 Moon Well
00:37 Ancient of War
01:41 Moon Well
03:01 Tree of Ages
03:24 Moon Well
03:26 Moon Well
03:56 Hunter's Hall
05:35 Ancient of War
06:01 Moon Well
07:51 Ancient of Lore
11:06 Tree of Life
12:02 Moon Well
13:19 Ancient of Lore
17:02 Tree of Eternity
18:46 Moon Well
21:28 Ancient of Wonders
» items
| Scroll of Town Portal | 5 | |
| Scroll of Speed | 3 | |
| Orb of Lightning | 1 | |
9 total
gwbushin2008 (
yellow | 106 APM | 3068 actions | 29:03)
7 Blademaster
3 Wind Walk
3 Critical Strike
1 Bladestorm
5 Tauren Chieftain
3 Shockwave
2 Endurance Aura
» actions
| Assign group hotkey | 261 | |
| Basic commands | 234 | |
| Build / train | 85 | |
| ESC pressed | 7 | |
| Enter build submenu | 19 | |
| Enter hero's abilities submenu | 12 | |
| Give item / drop item | 1 | |
| Right click | 1353 | |
| Select / deselect | 469 | |
| Select group hotkey | 455 | |
| Use ability | 172 | |
3068 total
» units
| Peon | 9 | |
| Grunt | 5 | |
| Raider | 18 | |
| Spirit Walker | 10 | |
| Kodo Beast | 1 | |
43 total
» upgrades
| Berserker Strength | 1 | |
| Ensnare | 1 | |
| Spirit Walker Training | 2 | |
| Pillage | 1 | |
| Shaman Training | 1 | |
| Armor | 1 | |
| Liquid Fire | 1 | |
| War Drums Damage Increase | 1 | |
| Troll Regeneration | 2 | |
| Melee Weapons | 1 | |
12 total
» buildings
| Altar of Storms | 1 | |
| Orc Burrow | 6 | |
| Barracks | 2 | |
| Voodoo Lounge | 1 | |
| Stronghold | 3 | |
| Beastiary | 2 | |
| Spirit Lodge | 1 | |
| War Mill | 1 | |
| Fortress | 1 | |
| Great Hall | 2 | |
20 total
» build order
00:05 Altar of Storms
00:18 Orc Burrow
01:23 Barracks
01:26 Barracks
01:36 Orc Burrow
01:46 Voodoo Lounge
02:47 Stronghold
02:47 Stronghold
03:30 Orc Burrow
05:09 Beastiary
05:11 Spirit Lodge
05:36 Orc Burrow
07:52 Beastiary
09:36 War Mill
11:53 Orc Burrow
11:55 Orc Burrow
11:59 Fortress
19:36 Great Hall
24:33 Great Hall
» items
| Healing Salve | 6 | |
| Scroll of Town Portal | 2 | |
| Orb of Lightning | 1 | |
| Scroll of Speed | 2 | |
11 total
w00tah.com (
teal | 41 APM | 1204 actions | 29:06)
6 Archmage
3 Summon Water Elemental
2 Brilliance Aura
1 Mass Teleport
» actions
| Assign group hotkey | 36 | |
| Basic commands | 80 | |
| Build / train | 71 | |
| ESC pressed | 2 | |
| Enter build submenu | 25 | |
| Enter hero's abilities submenu | 6 | |
| Remove unit from queue | 4 | |
| Right click | 394 | |
| Select / deselect | 422 | |
| Select group hotkey | 98 | |
| Use ability | 66 | |
1204 total
» units
| Peasant | 8 | |
| Footman | 1 | |
| Rifleman | 18 | |
| Priest | 2 | |
| Sorceress | 5 | |
| Spell Breaker | 5 | |
39 total
» upgrades
| Gunpowder | 2 | |
| Armor | 2 | |
| Long Rifles | 1 | |
| Lumber Harvesting | 0 | |
| Priest Training | 1 | |
| Masonry | 1 | |
| Sorceress Training | 1 | |
8 total
» buildings
| Altar of Kings | 1 | |
| Farm | 15 | |
| Barracks | 1 | |
| Blacksmith | 1 | |
| Arcane Vault | 1 | |
| Keep | 1 | |
| Arcane Sanctum | 2 | |
| Lumber Mill | 1 | |
| Castle | 0 | |
| Town Hall | 1 | |
24 total
» build order
00:08 Altar of Kings
00:20 Farm
00:32 Barracks
00:52 Farm
01:45 Blacksmith
01:55 Farm
01:59 Farm
03:06 Arcane Vault
03:46 Keep
06:12 Farm
06:14 Farm
06:16 Farm
06:16 Farm
06:19 Farm
06:21 Farm
07:51 Arcane Sanctum
07:54 Arcane Sanctum
08:59 Lumber Mill
11:06 Farm
11:08 Farm
11:08 Farm
11:09 Farm
22:06 Farm
24:49 Castle
27:26 Town Hall
» items
| Scroll of Regeneration | 6 | |
| Scroll of Town Portal | 2 | |
| Ivory Tower | 2 | |
| Boots of Speed | 1 | |
11 total
Chat log
(00:07 / All) GOKUMaN69: gl hf
(00:15 / All) w00tah.com: u2
(00:47 / All) GOKUMaN69: *brakes my mothers arm
(01:11 / Allies) gwbushin2008: my keyboards ing funy
(02:40 / All) GOKUMaN69: so did you win last game?
(28:56 / All) gwbushin2008: nicely plaeyd
(29:01 / All) GOKUMaN69: yeah man